 Dungeon Crawl Stone Soup version 0.18-a0-1799-g6250cb2 (webtiles) character file.

342 Zhenya25pyc the Skirmisher (level 6, -1/56 HPs)
             Began as a Hill Orc Abyssal Knight on Apr 23, 2016.
             Was a Priest of Lugonu.
             Slain by Blork the orc
             ... wielding a cursed -1 flail
              (9 damage)
             ... on level 4 of the Dungeon.
             The game lasted 00:31:54 (3209 turns).

Zhenya25pyc the Skirmisher (HOAK)                   Turns: 3209, Time: 00:31:55

Health: -1/56      AC:  4    Str: 17    XL:     6   Next: 57%
Magic:  9/9        EV:  2    Int: 12    God:    Lugonu [***...]
Gold:   126        SH:  0    Dex: -2 (10) Spells: 0 memorised, 5 levels left

rFire  . . .     SeeInvis .     a - +1 hand axe
rCold  . . .     Gourm    .     b - +0 leather armour
rNeg   . . .     Faith    .     r - +0 shield
rPois  .         Spirit   .     q - +0 helmet
rElec  .         Dismiss  +     (no cloak)
rCorr  .         Reflect  .     (no gloves)
SustAt .         Harm     .     (no boots)
MR     .....                    t - amulet of dismissal
Stlth  ..........               (no ring)
                                (no ring)

@: slowed, lost dexterity, very slow, not resistant to hostile enchantments,
extremely unstealthy
A: no striking features
a: Depart the Abyss, Bend Space, Banish, Renounce Religion


You were on level 4 of the Dungeon.
You worshipped Lugonu.
Lugonu was most pleased with you.
You were not hungry.

You visited 1 branch of the dungeon, and saw 4 of its levels.
You visited the Abyss 1 time.

You collected 126 gold pieces.

Inventory:

Hand Weapons
 a - a +1 hand axe (weapon)
Armour
 b - a +0 leather armour (worn)
 q - a +0 helmet (worn)
 r - a +0 shield (worn)
Jewellery
 t - an amulet of dismissal (around neck)
Wands
 o - a wand of flame (41/48)
Scrolls
 g - a scroll of remove curse {unknown}
 i - a scroll of enchant armour {unknown}
 m - a scroll of teleportation {unknown}
 s - 2 scrolls of random uselessness {unknown}
Potions
 e - a potion of ambrosia {unknown}
 f - a potion of brilliance {unknown}
 h - 2 potions of flight {unknown}
 k - 3 potions of curing {unknown}
 l - a potion of resistance {unknown}
 n - a potion of haste {unknown}
 p - a potion of lignification {unknown}
Comestibles
 c - 4 bread rations
 j - a beef jerky


   Skills:
 + Level 5.3 Fighting
 + Level 4.5 Axes
 + Level 3.8 Armour
 + Level 2.2 Dodging
 + Level 4.2 Invocations


You had 5 spell levels left.
You didn't know any spells.

Dungeon Overview and Level Annotations

Branches:
Dungeon (4/15)
 Temple: D:4-7

Altars:
Pakellas
Trog

Annotations:
D:4 Blork the orc


Message History

Blork the orc hits you with a flail! x2
You barely miss Blork the orc.
Blork the orc is lightly wounded.
Blork the orc hits you with a flail!
* * * LOW HITPOINT WARNING * * *
Blork the orc hits you with a flail.
* * * LOW HITPOINT WARNING * * *
You are too injured to fight recklessly!
You are too injured to fight recklessly!
You are too injured to fight recklessly!
You are too injured to fight recklessly!
You are too injured to fight recklessly!
You are too injured to fight recklessly!
You are too injured to fight recklessly!
You are too injured to fight recklessly!
You are too injured to fight recklessly!
You hit Blork the orc.
Blork the orc is lightly wounded.
Blork the orc hits you with a flail!
You die...

... #.. ... #.#. #.#
#.# #.#.##.# #.#
##.#....## ##'##
.........# ##...##
.#.#.....# ##..o..##
.#.##....# ##...@...##
.#.......###.........#
...........'...._....+
.###.....###.........#
.# #.#.#.# ##.......##
.###.###.# ##.....##
.......<.# ##...##
####.##### ##+## #.#


You could see Blork the orc.

Vanquished Creatures
  Sigmund (D:3)
  A giant frog skeleton (D:3)
  Jessica (D:2)
  Ijyb (D:2)
  2 adders
  A howler monkey skeleton (D:3)
  3 dart slugs
  A giant gecko (D:2)
  3 orcs (D:3)
  3 giant cockroaches
  11 goblins
  12 hobgoblins
  6 kobolds
  7 bats
  4 giant newts
  7 rats
64 creatures vanquished.

Vanquished Creatures (others)
  A sphinx (D:2)
1 creature vanquished.

Grand Total: 65 creatures vanquished

Notes
Turn   | Place    | Note
--------------------------------------------------------------
     0 | Abyss:1  | Zhenya25pyc the Hill Orc Abyssal Knight began the quest for the Orb.
     0 | Abyss:1  | Reached XP level 1. HP: 19/19 MP: 2/2
     5 | D:1      | Escaped the Abyss
   252 | D:1      | Reached skill level 1 in Dodging
   252 | D:1      | Reached XP level 2. HP: 22/27 MP: 3/3
   498 | D:1      | Reached skill level 4 in Fighting
   623 | D:2      | Noticed Jessica
   636 | D:2      | Killed Jessica
   636 | D:2      | Reached ** piety under Lugonu
   636 | D:2      | Reached XP level 3. HP: 19/33 MP: 3/5
   912 | D:2      | Reached XP level 4. HP: 24/40 MP: 6/6
  1057 | D:2      | Noticed Ijyb
  1076 | D:2      | Killed Ijyb
  1458 | D:2      | Found an oddly glowing altar of Pakellas.
  1459 | D:2      | Noticed a sphinx
  1476 | D:2      | Killed a sphinx
  1693 | D:3      | Reached XP level 5. HP: 23/47 MP: 7/7
  2097 | D:3      | Noticed Sigmund
  2118 | D:3      | Killed Sigmund
  2118 | D:3      | Reached *** piety under Lugonu
  2118 | D:3      | Reached skill level 5 in Fighting
  2118 | D:3      | Reached XP level 6. HP: 27/56 MP: 7/9
  2417 | D:3      | Lost dexterity.
  3089 | D:4      | Found a bloodstained altar of Trog.
  3203 | D:4      | Noticed Blork the orc
  3209 | D:4      | Slain by Blork the orc

Vault maps used:
D:1:      dpeg_arrival_refuge
D:2:      gammafunk_pakellas_spire_experiment, uniq_jessica, uniq_iyjb
D:3:      uniq_sigmund
D:4:      kennysheep_vampire_church, fedhas_bush_and_centaur_altar, bloody_trog,
          gup_sewer_entry_bowl, serial_shops, shop, kennysheep_mini_moat,
          nicolae_shop_overgrown_old_shop, shop, kennysheep_generic_room_12,
          uniq_edmund, uniq_blork_the_orc
Abyss:1:  minivault_13, minivault_25

Skill      XL: |  1  2  3  4  5 |
---------------+----------------+-----
Dodging        | 1 2 |  2.2
Axes           | 3 4 |  4.5
Fighting       | 4 5 |  5.3
Armour         | 3 |  3.8
Invocations    | 3 4 |  4.2

Action                   |  1- 3 |  4- 6 || total
-------------------------+-------+-------++-------
Melee: Hand axe          |    97 |   201 ||   298
Invok: Bend Space        |       |     2 ||     2
  Eat: Chunk             |       |     5 ||     5
       Meat ration       |       |     1 ||     1
Armor: Leather armour    |    34 |   112 ||   146
Dodge: Dodged            |    60 |   134 ||   194
Block: Shield            |       |    40 ||    40
